 Dungeon Crawl Stone Soup version 0.31-a0-441-g867994ef1c (webtiles) character file.

Game seed: 16193785760922816846

402 jlumianski the Ducker (level 7, -2/47 HPs)
             Began as a Djinni Fire Elementalist on Aug 3, 2023.
             Slain by a gnoll sergeant
             ... wielding a +2 trident of venom
              (7 damage)
             ... on level 5 of the Dungeon.
             The game lasted 00:21:25 (4604 turns).

jlumianski the Ducker (Djinni Fire Elementalist)    Turns: 4604, Time: 00:21:26

Health: -2/47      AC:  6    Str:  7    XL:     7   Next: 11%
Gold:   161        EV: 13    Int: 18    God:
                   SH:  0    Dex: 14

rFire   + + .        i - +0 rapier
rCold   x . .        (no shield)
rNeg    . . .        a - +0 robe
rPois   ∞            l - +1 helmet
rElec   .            (no cloak)
rCorr   .            p - +1 pair of gloves
SInv    .            (boots unavailable)
Will    .....        (no amulet)
Stlth   ++           (no ring)
HPRegen 0.27/turn    (no ring)
MPRegen 0.00/turn

%: infuse magic (-3 HP)
@: flying
A: sickness immunity, fire resistance 2, cold vulnerability 1, float, innate
caster, HP casting, extra vitality 1
a: no special abilities


You were on level 5 of the Dungeon.
You visited 1 branch of the dungeon, and saw 5 of its levels.

You collected 224 gold pieces.
You spent 63 gold pieces at shops.

Inventory:

Hand Weapons
 g - a +0 short sword
 i - a +0 rapier (weapon)
Missiles
 d - 7 poisoned darts
 v - 6 boomerangs
Armour
 a - a +0 robe (worn)
 l - a +1 helmet (worn)
 o - a +0 leather armour
 p - a +1 pair of gloves (worn)
Wands
 h - a wand of paralysis (14)
 s - a wand of digging (6)
Scrolls
 b - 3 scrolls of teleportation
 c - a scroll of amnesia
 m - a scroll of brand weapon {unknown}
 n - a scroll of fog {unknown}
 r - a scroll of acquirement {unknown}
 t - a scroll of fear {unknown}
Potions
 e - a potion of cancellation {unknown}
 f - a potion of berserk rage
 j - 2 potions of curing
 k - a potion of resistance
 q - a potion of mutation {unknown}
 u - a potion of heal wounds {unknown}
 w - a potion of haste {unknown}


   Skills:
 + Level 1.5 Fighting
 + Level 2.0 Short Blades
 + Level 4.3 Dodging
 + Level 3.6 Stealth
 + Level 0.1 Unarmed Combat
 * Level 3.8 Spellcasting
 * Level 3.8 Conjurations
 * Level 3.8 Hexes
 * Level 3.8 Summonings
 * Level 3.8 Necromancy
 * Level 3.8 Translocations
 * Level 3.8 Transmutations
 * Level 3.8 Fire Magic
 * Level 3.8 Ice Magic
 * Level 3.8 Air Magic
 * Level 3.8 Earth Magic
 * Level 3.8 Poison Magic


You knew the following spells:

 Your Spells              Type           Power      Damage    Failure   Level
a - Foxfire               Conj/Fire      68%        2x1d7     3%          1
b - Scorch                Fire           34%        2d6       4%          2
c - Volatile Blastmotes   Fire/Tloc      34%        2d12      10%         3
d - Inner Flame           Hex/Fire       17%        N/A       10%         3
e - Flame Wave            Conj/Fire      17%        2d7       30%         4
f - Slow                  Hex            68%        N/A       3%          1
g - Lesser Beckoning      Tloc           34%        N/A       4%          2
h - Stone Arrow           Conj/Erth      34%        3d9       10%         3
Your spell library was empty.

Dungeon Overview and Level Annotations

Branches:
Dungeon (5/15)
 Temple: D:4-7

Altars:
Cheibriados
Ru
Wu Jian

Shops:
D:2 :   D:3 [

Annotations:
D:2 1 runed translucent door, Crazy Yiuf


Innate Abilities, Weirdness & Mutations

You are immune to sickness and miasma.
You are immune to poison.
Your flesh is very heat resistant. (rF++)
You are vulnerable to cold. (rC-)
You float through the air rather than walking.
You learn spells naturally, not from books.
Your magical power is your life essence.
You have superior vitality. (+4 MHP)


Message History

The gnoll is severely wounded.
Unknown command.
The gnoll hits you from afar with a +0 halberd!
There is an open door here.
Casting: Foxfire (safe; 3% risk of failure)
Confirm with . or Enter, or press ? or * to list all spells.
A cloud of volatile blastmotes flares up around you!
The gnoll misses you.
The cloud of blastmotes explodes!
The concussive blast engulfs the gnoll!
You kill the gnoll!
The concussive blast engulfs the gnoll!
You kill the gnoll!
You hear a shout! x3
There is a stone staircase leading up here.
Casting: Volatile Blastmotes (dangerous; 10% risk of failure)
Confirm with . or Enter, or press ? or * to list all spells.
You conjure some foxfire!
The foxfire hits the gnoll.
The gnoll is moderately wounded.
The foxfire hits the gnoll.
The gnoll is severely wounded.
Casting: Foxfire (safe; 3% risk of failure)
Confirm with . or Enter, or press ? or * to list all spells.
Flames lash the gnoll.
You kill the gnoll!
You hear a shout!
Casting: Scorch (safe; 4% risk of failure)
Confirm with . or Enter, or press ? or * to list all spells.
You conjure some foxfire!
The gnoll sergeant hits you from afar with a +2 trident of venom.
The foxfire hits the gnoll sergeant.
The gnoll sergeant is lightly wounded.
The foxfire hits the gnoll sergeant.
The gnoll sergeant is lightly wounded.
The gnoll sergeant hits you from afar with a +2 trident of venom!
The gnoll sergeant hits you from afar with a +2 trident of venom!
* * * LOW HITPOINT WARNING * * *
There is a stone staircase leading up here.
The gnoll sergeant hits you from afar with a +2 trident of venom!
You die...

#.##.#.........#
#.##.#.g.####.....
#.##.#..g# ...
#.##.#..g# .
#.##.#...#
#.#......#
##.####..)########h#
#........gg........#
#######...##@.......
#...########## ##.##
#.# #.# #.# #.# #..
###


You could see a gnoll sergeant, a howler monkey (wandering) and a gnoll.

Vanquished Creatures
  A jelly (D:5)
  Jessica (D:2)
  2 iguanas (D:4)
  A sleepcap (D:3)
  Robin (D:1)
  11 gnolls
  5 adders
  3 worms
  3 dart slugs
  5 orcs (D:3)
  4 endoplasms
  7 giant cockroaches
  17 goblins
  8 hobgoblins
  6 kobolds
  A quokka (D:2)
  7 ball pythons
  4 bats
  3 frilled lizards
  3 rats (D:3)
93 creatures vanquished.

Vanquished Creatures (others)
  129 foxfires
129 creatures vanquished.

Grand Total: 222 creatures vanquished

Notes
Turn   | Place    | Note
-------+----------+-------------------------------------------
     0 | D:1      | jlumianski the Djinni Fire Elementalist began the quest for
                  | the Orb.
     0 | D:1      | jlumianski set off with the following spells memorised:
                  | Foxfire, Scorch, Volatile Blastmotes, Inner Flame, Flame
                  | Wave.
     0 | D:1      | Reached XP level 1. HP: 15/15 MP: 0/0
   110 | D:1      | Reached XP level 2. HP: 21/21 MP: 0/0
   485 | D:2      | Noticed Robin
   776 | D:1      | Reached XP level 3. HP: 24/25 MP: 0/0
   776 | D:1      | Learned a level 1 spell: Slow
   841 | D:2      | Noticed Jessica
   847 | D:2      | Killed Jessica
   848 | D:2      | Reached skill level 3 in Dodging
   848 | D:2      | Reached XP level 4. HP: 31/31 MP: 0/0
   984 | D:2      | Found Wamepuq's Book Emporium.
  1113 | D:2      | Found an ornate altar of the Wu Jian Council.
  1734 | D:1      | Killed Robin
  1735 | D:1      | Reached XP level 5. HP: 17/36 MP: 0/0
  1735 | D:1      | Learned a level 2 spell: Lesser Beckoning
  2105 | D:2      | Found a runed translucent door.
  2106 | D:2      | Noticed Crazy Yiuf
  2449 | D:3      | Reached skill level 1 in Short Blades
  2849 | D:3      | Found a faded altar of an unknown god.
  2904 | D:3      | Found Haiggepp's Armour Emporium.
  2926 | D:3      | Bought a +0 pair of gloves for 63 gold pieces
  3030 | D:3      | Found a snail-covered altar of Cheibriados.
  3175 | D:5      | Entered Level 5 of the Dungeon
  3333 | D:4      | Reached skill level 1 in Fighting
  3333 | D:4      | Reached skill level 4 in Dodging
  3340 | D:4      | Reached XP level 6. HP: 23/42 MP: 0/0
  3875 | D:4      | Found a sacrificial altar of Ru.
  4502 | D:5      | Reached XP level 7. HP: 39/47 MP: 0/0
  4502 | D:5      | Learned a level 3 spell: Stone Arrow
  4604 | D:5      | Slain by a gnoll sergeant

Illustrated notes

Levels and vault maps discovered:
D:1:      pf_arrival_petrified_forest, layout_loops_ring,
          kennysheep_small_spiral, minmay_misc_feat_room,
          dreamdust_mushroom_princess
D:2:      layout_loops_corners, basic_altar, serial_shops,
          nicolae_lakefront_shop, chequers_serial_rivers_small_3,
          chequers_serial_rivers_room_a, uniq_robin, uniq_jessica,
          uniq_crazy_yiuf_cottage
D:3:      layout_loops_ring, mainiacjoe_overflow_catwalk,
          hellmonk_ecumenical_altar_prayer_group, serial_shops,
          nicolae_shop_gibbet_a_chance, hangedman_decor_peaks_small
D:4:      layout_basic, mainiacjoe_overflow_big_doors, st_stairs_5,
          serial_park_tiny_2
D:5:      layout_basic

Skill      XL: |  1  2  3  4  5  6 |
---------------+-------------------+-----
Spellcasting   | |  3.8
Conjurations   | |  3.8
Hexes          | |  3.8
Summonings     | |  3.8
Necromancy     | |  3.8
Translocations | |  3.8
Transmutations | |  3.8
Fire Magic     | |  3.8
Ice Magic      | |  3.8
Air Magic      | |  3.8
Earth Magic    | |  3.8
Poison Magic   | |  3.8
Stealth        | 2 3 |  3.6
Dodging        | 3 4 |  4.3
Short Blades   | 1 2 |  2.0
Fighting       | 1 |  1.5
Unarmed Combat | |  0.1

Action                     |  1- 3 |  4- 6 |  7- 9 || total
---------------------------+-------+-------+-------++-------
  Melee: Unarmed           |     2 |       |       ||     2
         Short sword       |     1 |       |       ||     1
         Rapier            |     3 |    89 |       ||    92
         Punch             |       |     1 |       ||     1
   Cast: Foxfire           |    16 |    53 |     6 ||    75
         Scorch            |     5 |    41 |     1 ||    47
         Volatile Blastmot |       |     9 |     1 ||    10
         Lesser Beckoning  |       |     2 |       ||     2
    Use: Scroll            |       |     7 |       ||     7
   Stab: Sleeping          |     2 |    10 |       ||    12
 Armour: Robe              |     6 |    19 |       ||    25
  Dodge: Dodged            |    15 |   119 |     1 ||   135

Table legend: (Time is in decaauts)
 A = Elapsed time spent in this place.
 B = Non-inter-level travel time spent in this place.
 C = Inter-level travel time spent in this place.
 D = Time resting spent in this place.
 E = Time spent auto-exploring this place.
 F = Levels seen in this place.
 G = Mean time per level.
                   A        B        C        D        E       F      G
               +--------+--------+--------+--------+--------+-----+--------+
         Total |   4635 |   4537 |     98 |    499 |   2763 |   5 |  927.0 |
       Dungeon |   4635 |   4537 |     98 |    499 |   2763 |   5 |  927.0 |
               +--------+--------+--------+--------+--------+-----+--------+

Top non-repeatable levels by time:
     D:3: 1245 daAuts
     D:2: 1241 daAuts
     D:1: 1087 daAuts
     D:4: 944 daAuts
     D:5: 115 daAuts
